 Dungeon Crawl Stone Soup version 0.28-a0-1510-gd0f6b136d3 (webtiles) character file.

Game seed: 5416964990746784953

20 lunkers the Sneak (level 2, 0/23 HPs)
             Began as a Vampire Delver on Jan 13, 2022.
             Slain by an adder (3 damage)
             ... on level 3 of the Dungeon on Jan 14, 2022.
             The game lasted 00:02:12 (612 turns).

lunkers the Sneak (Vampire Delver)                   Turns: 612, Time: 00:02:12

Health: 0/23       AC:  3    Str: 11    XL:     2   Next: 58%
Magic:  2/2        EV: 12    Int: 12    God:
Gold:   31         SH:  0    Dex: 15    Spells: 1/1 levels left

rFire   . . .      SeeInvis +   a - +0 short sword
rCold   . . .      Faith    .   (no shield)
rNeg    . . .      Spirit   .   b - +0 leather armour
rPois   .          Reflect  .   (no helmet)
rElec   .          Harm     .   (no cloak)
rCorr   .          Rampage  .   (no gloves)
Will    .....                   (no boots)
Stlth   ++++......              (no amulet)
HPRegen 0.27/turn               (no ring)
MPRegen 0.08/turn               (no ring)

@: lethally poisoned (0 -> -6), healing quickly
A: alive, fangs 3, see invisible, vampiric 1
a: Exsanguinate


You were on level 3 of the Dungeon.
You visited 1 branch of the dungeon, and saw 3 of its levels.

You collected 31 gold pieces.

Inventory:

Hand Weapons
 a - a +0 short sword (weapon)
Armour
 b - a +0 leather armour (worn)
Wands
 g - a wand of digging (3)
 m - a wand of flame (25)
Scrolls
 c - 2 scrolls of fog
 d - 2 scrolls of magic mapping
 e - a scroll of fear
 h - 2 scrolls of teleportation {unknown}
 j - 2 scrolls of immolation {unknown}
 k - 2 scrolls of identify {unknown}
 l - a scroll of summoning {unknown}
Potions
 f - a potion of haste
 i - a potion of invisibility {unknown}


   Skills:
 - Level 2.6 Fighting
 + Level 3.0 Short Blades
 - Level 2.1 Dodging
 + Level 7.8 Stealth


You had one spell level left.
You didn't know any spells.
Your spell library contained the following spells:

 Spells                   Type           Power      Damage    Failure   Level
 Gell's Gravitas          Tloc           0%         N/A       78%         3
 Lesser Beckoning         Tloc           0%         N/A       78%         3
 Teleport Other           Tloc           0%         N/A       78%         3


Dungeon Overview and Level Annotations

Branches:
Dungeon (5/15)
 Temple: D:4-7

Altars:
Ru
Vehumet

Portals:
Sewer: D:3


Innate Abilities, Weirdness & Mutations

Your natural rate of healing is accelerated.
You have razor-sharp teeth.
You have supernaturally acute eyesight. (SInv)
You are afflicted with vampirism.


Message History

You are too injured to fight recklessly!
You are too injured to fight recklessly!
You are too injured to fight recklessly!
You are too injured to fight recklessly!
You are too injured to fight recklessly!
You are too injured to fight recklessly!
You are too injured to fight recklessly!
You are too injured to fight recklessly!
Your unstable footing causes you to fumble your attack.
You feel sick.
You are no longer poisoned.
The adder closely misses you.
Unknown command.
Your unstable footing causes you to fumble your attack.
The adder bites you.
* * * LOW HITPOINT WARNING * * *
The adder bites you but does no damage. The adder barely misses you.
The adder barely misses you.
The adder bites you but does no damage. x2
Unknown command.
You completely miss the adder.
The adder is lightly wounded.
The adder bites you.
* * * LOW HITPOINT WARNING * * *
You are poisoned.
The adder poisons you!
You closely miss the adder.
The adder is lightly wounded.
You feel sick.
The adder bites you but does no damage. x2
You hit the adder.
The adder is heavily wounded.
You feel sick. The adder bites you.
* * * LOW HITPOINT WARNING * * *
You are lethally poisoned!
The adder poisons you!
You hit the adder. You bite the adder.
The adder is severely wounded.
* * * LOW HITPOINT WARNING * * *
You feel sick. The adder bites you.
You die...

#........♣PP#.......##
♣.♣#.##..P.♣P♣♣.........##
.........PP♣♣.♣P........'.
♣.♣#.###.♣♣♣.♣P.........##
.. #.# #.PP.♣♣.........##
♣# #.###.#.P..P##.....##
#..........#.##...##
#####.#####.#.##'##
#.@###########
#..S≈≈≈≈≈≈∩≈# ###
#..##############..
#####.## ##.......#
##.###.....####
#####.#.#...##
#......###.## ....
#.###### #.# #### #.# #.#


You could see an adder.

Vanquished Creatures
  An adder (D:4)
  An orc (D:3)
  2 endoplasms
  A giant cockroach (D:3)
  A goblin (D:4)
  2 hobgoblins (D:3)
  A rat (D:3)
9 creatures vanquished.

Notes
Turn   | Place    | Note
-------+----------+-------------------------------------------
     0 | D:5      | lunkers the Vampire Delver began the quest for the Orb.
     0 | D:5      | Reached XP level 1. HP: 17/17 MP: 1/1
     5 | D:5      | Found a sacrificial altar of Ru.
    47 | D:4      | Reached XP level 2. HP: 23/23 MP: 2/2
   375 | D:3      | Found a radiant altar of Vehumet.
   496 | D:3      | Upgraded the game from 0.28-a0-1506-g3893175d92 to
                  | 0.28-a0-1510-gd0f6b136d3
   588 | D:3      | Found a glowing drain.
   612 | D:3      | Slain by an adder

Illustrated notes

Levels and vault maps discovered:
D:3:      layout_loops_corners, vehumet_altar_wand_db,
          nicolae_qazlal_style_of_elements, portal_sewer_entry_d, serial_forest,
          infiniplex_forest_clump_medium, infiniplex_forest_corner_1,
          infiniplex_forest_straight_2, infiniplex_forest_clump_medium,
          infiniplex_forest_straight_3, infiniplex_forest_lined_room_3,
          infiniplex_forest_clump_double
D:4:      layout_gridville, serial_shops, shop, minmay_surrounded
D:5:      layout_basic, mainiacjoe_overflow_alcove_2,
          mainiacjoe_overflow_catwalk_spiral, uniq_eustachio

Skill      XL: |  1  2 |
---------------+-------+-----
Short Blades   | 3 |  3.0
Fighting       | |  2.6
Dodging        | |  2.1
Stealth        | |  7.8

Action                   || total
-------------------------++-------
Melee: Short sword       ||    36
       Bite              ||     3
 Stab: Sleeping          ||     5
Armor: Leather armour    ||    11
Dodge: Dodged            ||    16

Table legend: (Time is in decaauts)
 A = Elapsed time spent in this place.
 B = Non-inter-level travel time spent in this place.
 C = Inter-level travel time spent in this place.
 D = Time resting spent in this place.
 E = Time spent auto-exploring this place.
 F = Levels seen in this place.
 G = Mean time per level.
                   A        B        C        D        E       F      G
               +--------+--------+--------+--------+--------+-----+--------+
         Total |    614 |    561 |     53 |      0 |    415 |   3 |  204.7 |
       Dungeon |    614 |    561 |     53 |      0 |    415 |   3 |  204.7 |
               +--------+--------+--------+--------+--------+-----+--------+

Top non-repeatable levels by time:
     D:3: 435 daAuts
     D:4: 149 daAuts
     D:5: 29 daAuts
